[Event "Late-Titled-Tuesday-Blitz-April-23-2024"]
[Site "Chess.com"]
[Date "2024.04.23"]
[Round "3"]
[White "artin10862"]
[Black "NikitaShnadrygin"]
[Result "1-0"]
[WhiteElo "2915"]
[BlackElo "2708"]
[TimeControl "180+1"]
[EndTime "14:29:51 PDT"]
[Termination "artin10862 won by resignation"]

1. e4 c5 2. Nc3 e6 3. Nf3 Nc6 4. d4 cxd4 5. Nxd4 Nf6 6. Bf4 Bb4 7.
Nb5 Nxe4 8. Qf3 d5 9. Nc7+ Kf8 10. Nxa8 e5 11. Bg3 Nxc3 12. bxc3 e4 13. Qe3 d4 14. Rd1 Qf6 15. Qxe4 Bxc3+ 16. Ke2 Bf5 17. Bd6+ Qxd6 18. Qxf5 g6 19. Qe4 Kg7 20. Kf3 Ne5+ 21. Kg3 f5 22. Qxb7+ Kh6 23. f4 g5 24. Bb5 gxf4+ 25.
Kf2 Ng4+ 26. Kg1 d3 27. Qc6 Qxc6 28. Bxc6 Bd4+ 29. Kf1 Ne3+ 30. Ke1 dxc2 31. Rc1 Rc8 32. Bf3 Bb2 33. Ke2 Re8 34. Kf2 Bd4 35. g3 Ng4+ 36.
Kg2 Ne3+ 37. Kh3 Re6 38. Nc7 Rg6 39. Nd5 Kg5 40. gxf4+ Kh6 41. Nxe3 Bxe3 42. Rxc2 1-0

[Event "Late-Titled-Tuesday-Blitz-April-23-2024"]
[Site "Chess.com"]
[Date "2024.04.23"]
[Round "3"]
[White "elmusmolamas"]
[Black "pifion"]
[Result "0-1"]
[WhiteElo "2489"]
[BlackElo "2680"]
[TimeControl "180+1"]
[EndTime "14:29:51 PDT"]
[Termination "pifion won by resignation"]

1. g3 d5 2. Bg2 Nf6 3. c3 c6 4. d3 e5 5. d4 e4 6. f3 Bf5 7. Nh3 Nbd7 8. Nf2 exf3 9. exf3 Bd6 10.
O-O O-O 11. Re1 Qc7 12. Nd2 h5 13. Nf1 Rfe8 14. Bg5 Nh7 15. Be3 Ndf8 16. Qd2 Ne6 17. Re2 Re7 18. Rae1 Rae8 19. Nd3 h4 20. g4 Bxd3 21.
Qxd3 Nf4 22. Bxf4 Bxf4 23. h3 Ng5 24. Rxe7 Rxe7 25. Rxe7 Qxe7 26. Qf5 Qc7 27. Kf2 Kf8 28. Ne3 Ke7 29. c4 g6 30. Qd3 dxc4 31. Nxc4 Kf8 32. Qa3+ Kg8 33. Qxa7 Bg3+ 34. Kf1 Qe7 35. Qa5 Ne6 36.
Nd2 Nxd4 37. Ne4 Bf4 38. Qc5 Qd8 39. g5 Ne6 40. Qc2 Bxg5 41. Nxg5 Qxg5 42. f4 Nxf4 43. Qd2 Qg3 44. Qf2 Qd3+ 45. Kg1 Nxh3+ 46. Bxh3 Qxh3 47. a4 Qg4+ 48. Kh1 Qxa4 49. b3 Qe4+ 50. Kh2 Qg4 51. Kh1 Qh3+ 52. Kg1 Qg3+ 53. Qxg3 hxg3 0-1

[Event "Late-Titled-Tuesday-Blitz-April-23-2024"]
[Site "Chess.com"]
[Date "2024.04.23"]
[Round "3"]
[White "Lennis93"]
[Black "flubs"]
[Result "1-0"]
[WhiteElo "2757"]
[BlackElo "2515"]
[TimeControl "180+1"]
[EndTime "14:29:55 PDT"]
[Termination "Lennis93 won on time"]

1. Nf3 d5 2. c4 e6 3. g3 Nf6 4.
Bg2 Be7 5. b3 O-O 6. Bb2 Nbd7 7.
O-O c6 8. d4 a5 9. Nc3 b6 10. Re1 Ba6 11. Nd2 b5 12. cxb5 cxb5 13.
e4 b4 14. Na4 Rc8 15. e5 Ne8 16. h4 g6 17. Nf3 Ng7 18. Bc1 Nf5 19. Bg5 Bb5 20.
Qd2 Bxa4 21. bxa4 Rc3 22. Qf4 Bxg5 23. hxg5 Nb6 24. g4 Ne7 25. Kh2 Nc6 26. Rh1 Kg7 27. Rad1 Nxa4 28. Kg1 Rh8 29. Qh2 Nb6 30. Qh6+ Kg8 31.
Rh3 a4 32. Bf1 b3 33. axb3 axb3 34. Rb1 Nc4 35. Qh4 N6a5 36. Ne1 Rxh3 37. Bxh3 h6 38. Nd3 Qxg5 39. Qg3 Qd2 40. Bf1 Qc3 41. Nc5 1-0

[Event "Late-Titled-Tuesday-Blitz-April-23-2024"]
[Site "Chess.com"]
[Date "2024.04.23"]
[Round "3"]
[White "kalinchick"]
[Black "Denmark2015"]
[Result "0-1"]
[WhiteElo "2438"]
[BlackElo "2614"]
[TimeControl "180+1"]
[EndTime "14:29:56 PDT"]
[Termination "Denmark2015 won on time"]

1. d4 e6 2. e4 d5 3. e5 c5 4. c3 Nc6 5. Nf3 Nge7 6. dxc5 Ng6 7. Bb5 Bxc5 8. Qe2 Bd7 9. Bxc6 bxc6 10. b4 Be7 11.
Be3 Qb8 12. Bd4 Nf4 13. Qf1 c5 14. Be3 Bb5 15. Qg1 Ne2 16. Qf1 Nxc3 17. Qg1 Ne2 18.
Qf1 d4 19. a4 Bd3 20. Bd2 c4 21. b5 O-O 22. Qxe2 Bxe2 23. Kxe2 Rd8 24. Rd1 a6 25.
Ba5 d3+ 26. Kf1 Rd7 27. Nc3 f6 28. b6 Bc5 29. Re1 Bxb6 30. Rab1 Rb7 31. Bxb6 Rxb6 32. Rbc1 f5 33. Nd2 Rc6 34. f4 Qb4 35. Nf3 Rd8 36. Red1 Qb2 37. Nd2 Qb6 38. Nf3 Qe3 39. Rd2 Qxf4 40.
Re1 Rb8 41. Kf2 Rb3 42. g3 Qh6 43. Rc1 Rcb6 44. Rdd1 Rb2+ 45. Kg1 Qe3+ 0-1

[Event "Late-Titled-Tuesday-Blitz-April-23-2024"]
[Site "Chess.com"]
[Date "2024.04.23"]
[Round "3"]
[White "AlexeiShirov"]
[Black "Jospem"]
[Result "1/2-1/2"]
[WhiteElo "2808"]
[BlackElo "3083"]
[TimeControl "180+1"]
[EndTime "14:29:57 PDT"]
[Termination "Game drawn by repetition"]

1. e4 e5 2. Nf3 Nc6 3. Bb5 a6 4. Ba4 Nf6 5. O-O Be7 6. Re1 d6 7. c3 O-O 8. d4 b5 9. Bc2 Bb7 10. Nbd2 Re8 11. Nf1 Bf8 12. Ng3 g6 13. Bg5 Bg7 14.
Qd2 Na5 15. Rad1 Qe7 16. d5 Nc4 17. Qc1 c6 18. dxc6 Bxc6 19. h4 Bd7 20. h5 Bg4 21. h6 Bh8 22. Rd3 Rac8 23. Nh2 Be6 24. Rf3 Nb6 25. Bh4 Nbd7 26. Nf5 Bxf5 27. exf5 Rc4 28. Re4 Rxe4 29. Bxe4 Qf8 30. fxg6 hxg6 31. Bc6 Re6 32. h7+ Kxh7 33. Ng4 d5 34. Rh3 Nh5 35. Bxd7 Rd6 36. Nxe5 Bxe5 37. Bg4 Qg7 38. Bg5 Kg8 39. Bxh5 gxh5 40.
Rxh5 Rg6 41. g3 Qf8 42. Bh6 Qd6 43. Rg5 d4 44. Rxg6+ fxg6 45. cxd4 Bxd4 46. Be3 Bf6 47.
Qc8+ Kf7 48. Qb7+ Ke6 49. Qc8+ Kf7 50. Qb7+ Ke6 51. Qc8+ Kf7 1/2-1/2

[Event "Late-Titled-Tuesday-Blitz-April-23-2024"]
[Site "Chess.com"]
[Date "2024.04.23"]
[Round "3"]
[White "emeli_chess"]
[Black "Hsper248"]
[Result "0-1"]
[WhiteElo "2449"]
[BlackElo "2633"]
[TimeControl "180+1"]
[EndTime "14:29:57 PDT"]
[Termination "Hsper248 won by resignation"]

1. d4 Nf6 2. c4 e6 3. Nc3 d5 4. cxd5 exd5 5. Bg5 Bb4 6. e3 h6 7. Bxf6 Qxf6 8. Qa4+ Nc6 9. Rc1 O-O 10. Nf3 Rd8 11. Be2 Bf8 12. O-O a6 13. Qb3 Qd6 14. Na4 Ne7 15. Nc5 Ra7 16. Nd3 Bf5 17. Qb4 Qxb4 18.
Nxb4 Nc8 19. Nd3 c6 20. a4 a5 21. Nc5 Nb6 22. b3 f6 23. Rc3 g5 24. Rfc1 Nc8 25. Bd3 Nd6 26. Bxf5 Nxf5 27. Ne1 Kf7 28. Ned3 h5 29.
Rb1 b6 30. Ne6 Kxe6 31. Rxc6+ Rd6 32. Rc8 Be7 33. Rh8 h4 34. Rc1 Kd7 35. Rcc8 Rc6 36. Rxc6 Kxc6 37. g4 Nd6 38. f3 Rc7 39. Kf2 Kd7 40.
Ke1 Rc2 41. Rb8 Kc7 42. Ra8 Rxh2 43. Ra7+ Kd8 44. e4 dxe4 45. fxe4 Nxe4 46. d5 Bb4+ 47. Nxb4 axb4 48. a5 bxa5 49. Rxa5 Rb2 50. Rb5 Rxb3 51. Ke2 Nc3+ 0-1

[Event "Late-Titled-Tuesday-Blitz-April-23-2024"]
[Site "Chess.com"]
[Date "2024.04.23"]
[Round "3"]
[White "adricalderon8"]
[Black "Aygehovit1992"]
[Result "1-0"]
[WhiteElo "2527"]
[BlackElo "2709"]
[TimeControl "180+1"]
[EndTime "14:30:00 PDT"]
[Termination "adricalderon8 won by resignation"]

1. e4 c5 2. Nf3 e6 3. d4 cxd4 4. Nxd4 Nc6 5. Nc3 Qc7 6. f4 a6 7. Nxc6 Qxc6 8. Bd3 b5 9. a3 Bb7 10. Bd2 Nf6 11. Qe2 Bc5 12. O-O-O Rc8 13. Kb1 b4 14. axb4 Bxb4 15. Nd5 Bxd2 16. Nxf6+ gxf6 17. Rxd2 h5 18. Rhd1 Rc7 19. g3 Ke7 20. e5 f5 21. Qe3 Rhc8 22. Qe2 Rh8 23. Qe3 a5 24. Qe2 Qc5 25. Bb5 Bd5 26. Ba4 Rg8 27. Qxh5 Rb8 28. Qh4+ Ke8 29. Qh8+ Qf8 30. Qxf8+ Kxf8 31. b3 Ke7 32. Kb2 Rc4 33.
Ka3 Rc3 34. Kb2 Rbc8 35. Re1 R8c7 36. Ree2 Rf3 37. Rd3 Rxd3 38. cxd3 f6 39. Rc2 Rb7 40. d4 Bxb3 41. Bxb3 Rb4 42. Rc4 Rb8 43. Ra4 Rh8 44. h4 Rg8 45. Rxa5 Rxg3 46. Ra7 Rg4 47. exf6+ Kxf6 48. Rxd7 Rxf4 49. Rd6 Rxd4 50. Rxd4 1-0

[Event "Late-Titled-Tuesday-Blitz-April-23-2024"]
[Site "Chess.com"]
[Date "2024.04.23"]
[Round "3"]
[White "Mikhail_Golubev"]
[Black "mjelcic"]
[Result "0-1"]
[WhiteElo "2567"]
[BlackElo "2362"]
[TimeControl "180+1"]
[EndTime "14:30:00 PDT"]
[Termination "mjelcic won on time"]

1. e4 g6 2. d4 Bg7 3. c4 c5 4.
Nf3 cxd4 5. Nxd4 Nc6 6. Nc2 Nf6 7. Nc3 O-O 8. Be2 d6 9. O-O Bd7 10. Be3 Ne5 11. f3 Rc8 12. b3 Qa5 13. Qd2 a6 14. Nd5 Qxd2 15. Nxe7+ Kh8 16. Bxd2 Rce8 17. Nd5 Nxd5 18. exd5 Ng4 19. Rae1 Bf5 20. fxg4 Bxc2 21. Bd1 Bd4+ 22. Kh1 Be4 23. Bh6 Bg7 24. Bxg7+ Kxg7 25.
h4 Re5 26. Kh2 Rfe8 27. Kg3 h6 28. Bf3 Bd3 29. Rxe5 Rxe5 30. Rd1 Bc2 31. Rc1 Bd3 32.
Kf2 g5 33. hxg5 hxg5 34. Re1 Rxe1 35. Kxe1 a5 36. Kd2 Bb1 37. a3 Kf6 38. b4 axb4 39. axb4 b6 40. Ke3 Ke5 41. g3 Bc2 42. Be2 Bb1 43. Bd3 Ba2 44. Be2 Bb1 45. Bd3 Ba2 46. b5 f6 47. Bf1 Bb1 48. Be2 Bc2 49. Bd3 Bd1 50. Bf5 Bb3 51. Kd3 Bd1 52. Kc3 Be2 53. Bd7 Ke4 54. Bf5+ Ke5 0-1

[Event "Late-Titled-Tuesday-Blitz-April-23-2024"]
[Site "Chess.com"]
[Date "2024.04.23"]
[Round "3"]
[White "Hauptsache_Gambit"]
[Black "kleber2007"]
[Result "0-1"]
[WhiteElo "2208"]
[BlackElo "2441"]
[TimeControl "180+1"]
[EndTime "14:30:01 PDT"]
[Termination "kleber2007 won by resignation"]

1. d4 d5 2. f3 Nf6 3. Nc3 c5 4. dxc5 d4 5. Ne4 Nxe4 6. fxe4 e5 7. Nf3 Bxc5 8. e3 Nc6 9. exd4 Nxd4 10. c3 Nc6 11.
Qxd8+ Kxd8 12. Bc4 f6 13. Ke2 Bg4 14. Be3 Bxe3 15.
Kxe3 Ke7 16. h3 Bxf3 17. gxf3 Rad8 18. Rhg1 g6 19. Bd5 Rd6 20. Rad1 Rhd8 21. Rg2 Nb8 22. Rgd2 b6 23. b4 Na6 24. Bc4 Rxd2 25. Rxd2 Rxd2 26.
Kxd2 Nc7 27. Ke3 f5 28. f4 Kf6 29. Bg8 exf4+ 30. Kxf4 g5+ 31. Ke3 h5 32. exf5 Kxf5 33. Bf7 h4 34. a4 g4 35. hxg4+ Kxg4 36. Kd4 h3 37. Bg6 Ne6+ 38. Ke5 Ng5 39. Be8 h2 40.
Bd7+ Kg3 41. Bc6 Nf3+ 42. Kd6 h1=Q 43. Kc7 Qc1 44. Kb7 Qxc3 45. b5 Qa5 46. Bd5 Qxa4 47. Bc6 Qa5 48. Bxf3 Kxf3 49. Kc6 Ke4 50. Kb7 Kd5 51.
Kc7 Kc5 52. Kb7 Kxb5 53. Kc7 a6 0-1

[Event "Late-Titled-Tuesday-Blitz-April-23-2024"]
[Site "Chess.com"]
[Date "2024.04.23"]
[Round "3"]
[White "Rodalquilar"]
[Black "TheSilmarils"]
[Result "0-1"]
[WhiteElo "2742"]
[BlackElo "2971"]
[TimeControl "180+1"]
[EndTime "14:30:02 PDT"]
[Termination "TheSilmarils won on time"]

1. d4 Nf6 2. Nf3 e6 3. Bf4 c5 4.
e3 Nc6 5. c3 d5 6. Nbd2 cxd4 7.
exd4 Nh5 8. Be3 Bd6 9. Ne5 g6 10. Nd3 O-O 11. g3 b6 12. Bg2 Ba6 13. Nf3 Ne7 14. O-O Nf5 15. Bc1 Nhg7 16. Re1 Qc7 17. Bf4 Bxd3 18. Bxd6 Nxd6 19. Qxd3 b5 20. a3 Rab8 21.
Rac1 a5 22. Qd2 Rfc8 23. Qh6 Ngf5 24. Qh3 h5 25. Ne5 Kg7 26. Nd3 Nc4 27. Re2 Qd6 28. Rce1 Rh8 29. Nf4 Rb6 30. Rxe6 fxe6 31. Rxe6 Qxe6 32.
Nxe6+ Rxe6 33. Bxd5 Re1+ 34. Kg2 Rf8 35. Bxc4 bxc4 36.
g4 hxg4 37. Qxg4 Rfe8 38. d5 R1e2 39. Kf1 Rd2 40. Qxc4 Rf8 41. Qc7+ Kg8 42. d6 Nxd6 43. Qa7 Ne4 0-1

[Event "Late-Titled-Tuesday-Blitz-April-23-2024"]
[Site "Chess.com"]
[Date "2024.04.23"]
[Round "3"]
[White "super_emi_26"]
[Black "manmanlai1"]
[Result "0-1"]
[WhiteElo "2696"]
[BlackElo "2527"]
[TimeControl "180+1"]
[EndTime "14:30:02 PDT"]
[Termination "manmanlai1 won by resignation"]

1. d4 Nf6 2. Nf3 e6 3. c4 c5 4. g3 cxd4 5. Nxd4 Bb4+ 6. Nc3 O-O 7. Bg2 Nc6 8. O-O a6 9. Nc2 Be7 10. b3 d6 11. Bb2 Qc7 12. Qd2 Rd8 13. Rfd1 Bd7 14.
Rac1 Be8 15. Ne3 Qb6 16. Na4 Qa7 17. Nc3 Rac8 18. h4 Qb8 19. Bf3 b5 20. cxb5 axb5 21. Bg2 d5 22. Nb1 b4 23. Nc2 e5 24. Ne3 d4 25. Nf5 Bf8 26. Qg5 Ne7 27. Nh6+ Kh8 28. Nd2 Ned5 29. Nf5 Nc3 30. Re1 Nxa2 31. Rxc8 Rxc8 32.
Ne4 Qb6 33. Ra1 Nc3 34. Nxf6 Qxf6 35. Qxf6 gxf6 36. Kf1 Bb5 37. Bf3 Bd7 38. g4 Be6 39. Ra7 Bxb3 40. Nh6 Bxh6 41. g5 fxg5 42. hxg5 Bxg5 43.
Bh5 Be6 44. Bxf7 Bxf7 45. Rxf7 Na4 46. Rf5 Nxb2 47. Rxg5 Nc4 48. Rf5 b3 49. Rf7 Rb8 50. Rb7 Rxb7 0-1

[Event "Late-Titled-Tuesday-Blitz-April-23-2024"]
[Site "Chess.com"]
[Date "2024.04.23"]
[Round "3"]
[White "Kolle05"]
[Black "jinxy2009"]
[Result "1-0"]
[WhiteElo "2568"]
[BlackElo "2306"]
[TimeControl "180+1"]
[EndTime "14:30:02 PDT"]
[Termination "Kolle05 won on time"]

1. e4 c6 2. d4 d5 3. e5 Bf5 4. Nf3 e6 5. Be2 Nd7 6. O-O a5 7. a4 Ne7 8. c3 h6 9. Nbd2 g5 10. h3 Bg7 11. Re1 Qc7 12. Nf1 O-O 13. Ng3 Bg6 14. Nh2 f6 15. exf6 Nxf6 16. Bd3 Qd6 17.
Ng4 Nxg4 18. hxg4 Rae8 19. Nh5 Bxh5 20. gxh5 Nf5 21. Bc2 e5 22. dxe5 Bxe5 23. Bd2 Nh4 24. Qg4 Re7 25. Bxg5 Rg7 26. Qxh4 Rxg5 27. Re2 Rf4 28. Qh3 Rfg4 29. Rae1 Rxg2+ 30. Qxg2 Rxg2+ 31. Kxg2 Bf6 32. Bg6 Qf4 33. Re3 Bh4 34. R1e2 Qg4+ 35. Kf1 Qxa4 36. Rf3 Qd1+ 37. Kg2 Qxe2 38. Rf7 Qxb2 39.
Kh3 Qxc3+ 40. Kxh4 Qd4+ 41. f4 Qf2+ 42. Kg4 Qg2+ 43. Kf5 Qh3+ 44. Kf6 Qh4+ 45. Ke6 a4 46. f5 Qe4+ 47. Kd7 Qb4 48. f6 1-0

[Event "Late-Titled-Tuesday-Blitz-April-23-2024"]
[Site "Chess.com"]
[Date "2024.04.23"]
[Round "3"]
[White "Vulcan_o"]
[Black "PositionalPanther"]
[Result "0-1"]
[WhiteElo "1443"]
[BlackElo "2535"]
[TimeControl "180+1"]
[EndTime "14:30:02 PDT"]
[Termination "PositionalPanther won on time"]

1. e4 a6 2. Nf3 g6 3. d4 Bg7 4.
c3 d6 5. Be3 Nd7 6. Bd3 e5 7. O-O Ne7 8. Re1 O-O 9. Nbd2 b5 10. a4 exd4 11. Bxd4 Nc5 12. Bf1 Bd7 13. axb5 axb5 14. Rxa8 Qxa8 15. Bxc5 dxc5 16. Nb3 Rd8 17. Nxc5 Bg4 18. Qe2 b4 19. h3 Bxf3 20. Qxf3 bxc3 21.
bxc3 Qa3 22. Nd3 Qxc3 23. Rc1 Qa5 24. Nf4 Bh6 25. Rc4 Qe5 26. Nd3 Qd6 27. e5 Qd7 28.
Nc5 Qd5 29. Qxd5 Nxd5 30. e6 Bf8 31. exf7+ Kxf7 32. Ne4 Rd7 33. Rd4 Nf6 34. Rxd7+ Nxd7 35. Bc4+ Kg7 36. Ng5 Bd6 37. Ne6+ Kf6 38. g4 Nb6 39. Ba2 c5 40. g5+ Kf5 41. h4 Kg4 42. Ng7 Kxh4 0-1

[Event "Late-Titled-Tuesday-Blitz-April-23-2024"]
[Site "Chess.com"]
[Date "2024.04.23"]
[Round "3"]
[White "Fh2411"]
[Black "staz_staz"]
[Result "1-0"]
[WhiteElo "2559"]
[BlackElo "2297"]
[TimeControl "180+1"]
[EndTime "14:30:02 PDT"]
[Termination "Fh2411 won by resignation"]

1. d4 Nf6 2. Nf3 g6 3. Bf4 Bg7 4. e3 O-O 5. h3 d6 6. c4 Nc6 7. Nc3 Nd7 8. Be2 e5 9. Bg5 f6 10. Bh4 g5 11. Bg3 a6 12. d5 Ne7 13. e4 h5 14. Nd2 h4 15. Bh2 f5 16. Qc2 Nf6 17.
O-O-O fxe4 18. Ndxe4 Nxe4 19. Nxe4 Nf5 20. Bd3 Nd4 21.
Qd2 Bh6 22. Kb1 Kg7 23. Qc3 Bf5 24. f3 Qd7 25. Bg1 c5 26. dxc6 Nxc6 27. Bb6 Rac8 28.
Nf2 Kh7 29. Bxf5+ Rxf5 30. Qd3 Bf8 31. Ne4 Nb4 32. Nf6+ Kg6 33. Nxd7 Nxd3 34. Nxf8+ Rfxf8 35. Rxd3 Rc6 36. Ba5 Rf4 37. Rhd1 Rfxc4 38. Rxd6+ Kf5 39. Rxc6 Rxc6 40. Re1 Kf4 41. Re4+ Kg3 42. Rg4+ Kf2 43. Bc3 e4 44. fxe4 Rc4 45. Kc2 b5 46. Kd3 Rc8 47.
Rxg5 Rd8+ 48. Bd4+ 1-0

[Event "Late-Titled-Tuesday-Blitz-April-23-2024"]
[Site "Chess.com"]
[Date "2024.04.23"]
[Round "3"]
[White "Meri-Arabidze"]
[Black "venturov"]
[Result "1-0"]
[WhiteElo "2683"]
[BlackElo "2499"]
[TimeControl "180+1"]
[EndTime "14:30:03 PDT"]
[Termination "Meri-Arabidze won by resignation"]

1. c4 g6 2. Nf3 Bg7 3. g3 e5 4.
Nc3 Ne7 5. Bg2 d5 6. cxd5 Nxd5 7. O-O O-O 8. d3 c6 9. Bd2 a5 10. Rc1 Na6 11. a3 h6 12. Nxd5 cxd5 13. Qa4 b6 14.
Qc6 Be6 15. b4 axb4 16. axb4 Rc8 17. Qb7 Nb8 18. d4 exd4 19. Bf4 Nd7 20. h4 Re8 21. Rfd1 Rxc1 22. Rxc1 Qa8 23. Rc7 Qxb7 24. Rxb7 Rc8 25. Bc7 Bf8 26. Nxd4 Bxb4 27. Nxe6 fxe6 28. Bf4 Rd8 29.
Bh3 Kf7 30. Bxh6 Be7 31. Be3 Bf6 32. Bxb6 Ke7 33. Bxd8+ Kxd8 34. Bxe6 Ne5 35. Bxd5 Be7 36. Kg2 Bc5 37. Bf3 Bd6 38. g4 Ke8 39. h5 gxh5 40. gxh5 Kf8 41. h6 Kg8 42. Bd5+ Kh8 43. e3 Ng4 44. Rd7 Be5 45. Be4 Nxh6 46. Rh7+ Kg8 47. Rxh6 Kg7 48. Rg6+ Kf7 49. Rg4 Bf6 50. f4 1-0

[Event "Late-Titled-Tuesday-Blitz-April-23-2024"]
[Site "Chess.com"]
[Date "2024.04.23"]
[Round "3"]
[White "finec2"]
[Black "Attacker_2006"]
[Result "0-1"]
[WhiteElo "2219"]
[BlackElo "2554"]
[TimeControl "180+1"]
[EndTime "14:30:03 PDT"]
[Termination "Attacker_2006 won by checkmate"]

1. e4 Nf6 2. e5 Nd5 3. d4 d6 4. Nf3 g6 5. Bc4 Nb6 6. Bb3 Bg7 7. Ng5 O-O 8. f4 dxe5 9. fxe5 h6 10.
Nf3 c5 11. c3 cxd4 12. cxd4 Nc6 13. Be3 Bg4 14. O-O Nd5 15. Bf2 Rc8 16. Nc3 Nxc3 17.
bxc3 Na5 18. Qd3 Bf5 19. Qd2 Be4 20. Qe3 Bd5 21. Rab1 Nc4 22. Qd3 Rb8 23. Bxc4 Rc8 24. Bxd5 Qxd5 25. Rfc1 Rc4 26. Rxb7 Rxc3 27. Qxc3 Qxb7 28. h3 e6 29. Qc7 Qa6 30. Rc2 h5 31. Ng5 Qd3 32. Qc6 Bh6 33. Ne4 Bf4 34. g3 Be3 35. Nf6+ Kg7 36. Qc4 Bxf2+ 37. Kxf2 Qd1 38. Qc3 Qh1 39. Qf3 Qxh3 40. Qg2 Qf5+ 41. Kg1 Rb8 42. Kh2 h4 43. g4 Qf4+ 44. Kh3 Qe3+ 45. Kh2 Qxd4 46. Re2 Qf4+ 47. Kh3 Rb1 48. Rf2 Rh1+ 49. Qxh1 Qg3# 0-1

[Event "Late-Titled-Tuesday-Blitz-April-23-2024"]
[Site "Chess.com"]
[Date "2024.04.23"]
[Round "3"]
[White "topotun"]
[Black "malakismayil"]
[Result "1-0"]
[WhiteElo "2851"]
[BlackElo "2586"]
[TimeControl "180+1"]
[EndTime "14:30:04 PDT"]
[Termination "topotun won on time"]

1. e4 e5 2. Nf3 Nc6 3. Bb5 a6 4. Ba4 Nf6 5. O-O b5 6. Bb3 Be7 7. Re1 O-O 8. c3 d6 9. h3 h6 10. d4 Re8 11. Nbd2 Bf8 12. Nf1 Bb7 13. Ng3 Na5 14. Bc2 c5 15. d5 Bc8 16. b3 Bd7 17. Nh2 g6 18. Be3 Bg7 19. Qd2 Kh7 20. Rf1 c4 21. b4 Nb7 22. f4 exf4 23. Rxf4 a5 24. Bd4 axb4 25. cxb4 Ra3 26. Raf1 Re5 27. Nf3 Qe7 28. Bb1 Nd8 29. Qb2 Ra6 30. Nxe5 dxe5 31. Bxe5 Nxd5 32. Bxg7 Nxf4 33. Rxf4 Ne6 34. Bf6 Qd6 35. Rf3 Qd1+ 36. Kh2 Bc6 37. Bc3 Ra7 38. Qf2 Qd7 39. h4 Qe7 40. Rf6 Rd7 41. h5 Ng5 42.
hxg6+ fxg6 43. Qf4 Ne6 44. Qe5 Ng7 45. Qxe7 Rxe7 46.
Rxc6 1-0

[Event "Late-Titled-Tuesday-Blitz-April-23-2024"]
[Site "Chess.com"]
[Date "2024.04.23"]
[Round "3"]
[White "scandalgod"]
[Black "Casablanca"]
[Result "0-1"]
[WhiteElo "2503"]
[BlackElo "2692"]
[TimeControl "180+1"]
[EndTime "14:30:05 PDT"]
[Termination "Casablanca won on time"]

1. d4 Nf6 2. c4 g6 3. Nc3 Bg7 4. e4 O-O 5. f4 d6 6. Nf3 c5 7. d5 e6 8. Be2 exd5 9. cxd5 Bg4 10. O-O Nbd7 11. Re1 Re8 12. Bf1 Qa5 13. Bd2 a6 14. a4 Qb6 15. Rb1 Rab8 16. h3 Bxf3 17. Qxf3 Qc7 18. Kh1 c4 19. Be3 b5 20. axb5 axb5 21. Bf2 b4 22. Na4 Ra8 23. Ra1 Ra5 24.
b3 cxb3 25. Rac1 Qb7 26. Nb2 Ng4 27. Nc4 Nxf2+ 28. Qxf2 Ra6 29. e5 dxe5 30. fxe5 Ra2 31. Qh4 Nxe5 32. Nd6 Qd7 33. Nxe8 Qxe8 34. d6 Qd7 35. Red1 b2 36. Rc7 Qxd6 37. Rxd6 b1=Q 38. Rd8+ Bf8 39. Rxf8+ Kxf8 40. Qh6+ Ke8 41. Qf4 Qf5 42. Qc1 Kf8 43. Rc8+ Kg7 44. Bc4 Rf2 45. Rc7 Qf4 0-1

[Event "Late-Titled-Tuesday-Blitz-April-23-2024"]
[Site "Chess.com"]
[Date "2024.04.23"]
[Round "3"]
[White "prochn"]
[Black "tarno17"]
[Result "1-0"]
[WhiteElo "2457"]
[BlackElo "2137"]
[TimeControl "180+1"]
[EndTime "14:30:05 PDT"]
[Termination "prochn won on time"]

1. d4 d5 2. c4 e6 3. g3 Nf6 4. Bg2 Bb4+ 5. Nd2 Be7 6. Ngf3 O-O 7. O-O b6 8. Qc2 Bb7 9. a3 Nbd7 10. b4 c5 11. dxc5 bxc5 12. b5 a6 13. Rb1 dxc4 14.
e4 axb5 15. e5 Nd5 16. Ne4 b4 17. Rd1 b3 18. Qxc4 Ba6 19. Qxb3 Rb8 20. Qc2 Rxb1 21.
Qxb1 Qa5 22. Qc2 h6 23. Nd6 Bxd6 24. exd6 Rb8 25. Nd2 Qb6 26. Nc4 Bxc4 27. Qxc4 Qxd6 28. Bf4 Ne5 29. Qe2 f6 30. Bxe5 fxe5 31. h4 Rd8 32. Re1 Qc7 33. Qxe5 Qxe5 34. Rxe5 Kf7 35. Bf3 Kf6 36.
Re1 Ra8 37. Rd1 Rxa3 38. Bxd5 exd5 39. Rxd5 Rc3 40. Rd7 g5 41. h5 Kf5 42. Rd6 Kg4 43. Rxh6 Rc2 44. Kg2 1-0

[Event "Late-Titled-Tuesday-Blitz-April-23-2024"]
[Site "Chess.com"]
[Date "2024.04.23"]
[Round "3"]
[White "shirovin"]
[Black "N_I_Chess"]
[Result "0-1"]
[WhiteElo "2071"]
[BlackElo "2371"]
[TimeControl "180+1"]
[EndTime "14:30:05 PDT"]
[Termination "N_I_Chess won on time"]

1. e4 Nf6 2. e5 Nd5 3. d4 d6 4.
Nf3 g6 5. Bc4 Nb6 6. Bb3 Bg7 7.
Ng5 e6 8. Qf3 O-O 9. Qh3 h6 10.
Ne4 h5 11. Bg5 Qe8 12. Nf6+ Bxf6 13. Bxf6 N8d7 14. Nd2 Nxf6 15. exf6 Qd8 16. Qh4 Nd7 17. g4 Qxf6 18. Qh3 hxg4 19. Qxg4 Qf5 20. Qg3 Nf6 21.
O-O-O a5 22. c3 Nh5 23. Qg2 Nf4 24. Qe4 Qxe4 25. Nxe4 Kg7 26. h4 Rh8 27. Ng3 Nh5 28.
Rdf1 b6 29. Ne4 Bb7 30. f3 a4 31. Bc2 a3 32. b3 Nf4 33. Rh2 Ra5 34. Kd2 Rah5 35. Ke3 Rxh4 36. Rxh4 Rxh4 37. Ng3 Ng2+ 38. Kf2 Nf4 39. Ke3 Nd5+ 40. Kf2 Nxc3 41. Ne4 Rh2+ 0-1

[Event "Late-Titled-Tuesday-Blitz-April-23-2024"]
[Site "Chess.com"]
[Date "2024.04.23"]
[Round "3"]
[White "Josetricks"]
[Black "CombativeWombat"]
[Result "1-0"]
[WhiteElo "2581"]
[BlackElo "2343"]
[TimeControl "180+1"]
[EndTime "14:30:06 PDT"]
[Termination "Josetricks won on time"]

1. d4 Nf6 2. Nc3 d5 3. Bf4 c5 4. e3 cxd4 5. exd4 a6 6. Nf3 Nc6 7.
Ne5 Bd7 8. Nxd7 Qxd7 9. Be2 e6 10. O-O Bd6 11. Be3 O-O 12. Bd3 Nb4 13. Ne2 Nxd3 14. Qxd3 Rac8 15. c3 Qc7 16. Ng3 Qc4 17. Qd2 b5 18. a3 a5 19. Bg5 Bxg3 20. hxg3 Ne4 21. Qe3 f6 22. Bh4 g5 23. f3 Nc5 24. dxc5 Qxc5 25.
Bxg5 fxg5 26. Rae1 Kf7 27. Kh2 Qxe3 28. Rxe3 Rc4 29.
Rfe1 Re8 30. g4 Kf6 31. Kg3 b4 32. axb4 axb4 33. cxb4 Rxb4 34. b3 d4 35. Re4 e5 36.
Rd1 Re7 37. Rd3 Reb7 38. Rd1 Rxb3 39. Rc1 R3b6 40. Rh1 Ke6 41. Rhe1 Rb5 42. Rxd4 Rd7 43. Ra4 Rb2 44. Ra6+ Rd6 45. Ra5 Rd5 46. Ra7 Rdd2 47. Rg1 Rd7 48. Rxd7 Kxd7 49. Rh1 Ke6 50. Rxh7 1-0

[Event "Late-Titled-Tuesday-Blitz-April-23-2024"]
[Site "Chess.com"]
[Date "2024.04.23"]
[Round "3"]
[White "zverr1"]
[Black "miraitrunks"]
[Result "0-1"]
[WhiteElo "2444"]
[BlackElo "2206"]
[TimeControl "180+1"]
[EndTime "14:30:06 PDT"]
[Termination "miraitrunks won by checkmate"]

1. d4 d5 2. c4 Bf5 3. cxd5 Bxb1 4. Qa4+ c6 5. dxc6 Nxc6 6. Rxb1 e5 7. a3 exd4 8. g3 Qd5 9. Nf3 d3 10. Bg2 dxe2 11.
Qc2 Nd4 12. Qa4+ Nc6 13. Kxe2 O-O-O 14. Be3 Qd3+ 15. Ke1 Qxb1+ 16. Ke2 Qd3+ 17. Ke1 Nf6 18. Nd2 Nd5 19. Be4 Qa6 20. Qc2 Nxe3 21. fxe3 g6 22. Kf2 f5 23. Bf3 Bh6 24. Rc1 Rhe8 25. Nf1 Rd6 26. Qc5 Rde6 27. Rc3 Qb6 28. Qc4 Kb8 29. Qd3 Ne5 30. Qd5 Nxf3 31. Kxf3 Rxe3+ 32. Nxe3 Rxe3+ 33. Rxe3 Qxe3+ 34. Kg2 Qe4+ 35. Qxe4 fxe4 36.
Kf2 Kc7 37. h4 Kd6 38. g4 Ke5 39. g5 Bf8 40. Ke3 Bc5+ 41. Kd2 a5 42. b4 axb4 43.
axb4 Bxb4+ 44. Ke3 Bc5+ 45. Ke2 b5 46. h5 b4 47. hxg6 hxg6 48. Kd2 Be7 49. Kc2 Bxg5 50. Kb3 Bd2 51. Kc4 Bc3 52. Kb3 e3 53. Kc4 g5 54.
Kb3 g4 55. Kc4 g3 56. Kb3 g2 57. Kc4 g1=Q 58. Kd3 Qd1+ 59. Kc4 Qd5# 0-1

[Event "Late-Titled-Tuesday-Blitz-April-23-2024"]
[Site "Chess.com"]
[Date "2024.04.23"]
[Round "3"]
[White "micke12a"]
[Black "JaackCamel"]
[Result "1-0"]
[WhiteElo "2439"]
[BlackElo "2210"]
[TimeControl "180+1"]
[EndTime "14:30:06 PDT"]
[Termination "micke12a won by resignation"]

1. e4 e6 2. b3 d5 3. exd5 exd5 4. Bb2 Nf6 5. Nf3 Bd6 6. d4 O-O 7. Be2 Bf5 8. O-O h6 9. c4 c6 10. Nc3 Nbd7 11. cxd5 Nxd5 12. Nxd5 cxd5 13. h3 Re8 14. Bd3 Qf6 15. Re1 Rxe1+ 16. Nxe1 Re8 17. Qf3 Bxd3 18. Qxd3 Qf4 19. g3 Qf6 20. Kg2 Qe6 21.
Nf3 Nf6 22. Re1 Ne4 23. Nd2 Bb4 24. Bc1 Qf5 25. Re2 Re6 26. Nxe4 dxe4 27. Qe3 Qd5 28.
Rc2 Re8 29. Bd2 Ba3 30. Rc7 Bd6 31. Rc4 b5 32. Rc1 b4 33. Rc4 a5 34. Qe2 e3+ 35.
Kh2 Re6 36. Bxe3 Qe4 37. Rc8+ Kh7 38. Qc2 Qxc2 39. Rxc2 Be7 40. Kg2 Bf6 41. Kf3 Rd6 42. Ke4 Re6+ 43. Kd5 Re7 44. Rc6 Rd7+ 45. Kc4 Re7 46.
d5 Rd7 47. Bd4 Bd8 48. d6 Rb7 49. Kd5 Rb5+ 50. Rc5 Rb7 51. Kc6 Rb6+ 52. Kd7 Bg5 53. Kc7 Ra6 54. Rxg5 hxg5 55. d7 Ra7+ 56. Bxa7 1-0